 Dungeon Crawl Stone Soup version 0.29-a0-613-gf2c431b9b9 (webtiles) character file.

Game seed: 16145520775813810922

98 HoaS the Cudgeller (level 4, -2/66 HPs)
             Began as an Ogre Gladiator on June 16, 2022.
             Slain by Sigmund
             ... wielding a +0 scythe
              (4 damage)
             ... on level 2 of the Dungeon.
             The game lasted 00:03:54 (1665 turns).

HoaS the Cudgeller (Ogre Gladiator)                 Turns: 1665, Time: 00:03:54

Health: -2/66      AC:  3    Str: 20    XL:     4   Next: 71%
Magic:  4/4        EV: 10    Int:  9    God:
Gold:   63         SH:  0    Dex: 10    Spells: 3/3 levels left

rFire   . . .      SeeInvis .   a - +0 flail
rCold   . . .      Faith    .   (no shield)
rNeg    . . .      Spirit   .   b - +0 robe
rPois   .          Reflect  .   c - +0 hat
rElec   .          Harm     .   (no cloak)
rCorr   .          Rampage  .   (gloves unavailable)
Will    .....                   (boots unavailable)
Stlth   ..........              (no amulet)
HPRegen 0.21/turn               (no ring)
MPRegen 0.09/turn               (no ring)

@: berserking, very quick
A: large, unfitting armour, tough skin 1
a: no special abilities


You were on level 2 of the Dungeon.
You visited 1 branch of the dungeon, and saw 2 of its levels.

You collected 63 gold pieces.

Inventory:

Hand Weapons
 a - a +0 flail (weapon)
Missiles
 d - 3 throwing nets (quivered)
 e - a large rock
Armour
 b - a +0 robe (worn)
 c - a +0 hat (worn)
Jewellery
 j - a ring of ice
Potions
 h - a potion of mutation {unknown}
 i - a potion of ambrosia {unknown}
 k - a potion of lignification {unknown}


   Skills:
 - Level 2.6 Fighting
 + Level 4.8 Maces & Flails
 - Level 2.0 Throwing
 - Level 2.6 Dodging


You had 3 spell levels left.
You didn't know any spells.
Your spell library contained the following spells:

 Spells                   Type           Power      Damage    Failure   Level
 Magic Dart               Conj           0%         1d3       38%         1
 Searing Ray              Conj           0%         2d4       52%         2
 Fulminant Prism          Conj/Hex       0%         3d6       99%         4


Dungeon Overview and Level Annotations

Branches:
Dungeon (2/15)

Altars:

Annotations:
D:2 Sigmund


Innate Abilities, Weirdness & Mutations

You are too large for most types of armour.
You have tough skin. (AC +1)


Message History

The endoplasm hits you.
Natasha mumbles some strange words.
You hit Natasha.
You kill Natasha!
Natasha yowls pathetically as she dies!
You hear a zap.
A puff of flame appears from out of thin air!
The puff of flame hits you. The endoplasm barely misses you.
The endoplasm freezes you.
You are frozen.
You hear some strange, mumbled words.
You are confused.
You bump into the rock wall.
The endoplasm closely misses you.
You bump into the rock wall.
The endoplasm closely misses you. Something hits you!
You bump into the rock wall.
The endoplasm hits you but does no damage.
You hit the endoplasm but do no damage. Something hits you.
The endoplasm hits you but does no damage.
You are too confused!
Okay, then.
You completely miss the endoplasm. The endoplasm freezes you.
You are frozen.
Something hits you!
* * * LOW HITPOINT WARNING * * *
You thump the endoplasm!
You kill the endoplasm!
You feel less confused.
You hear a zap.
A puff of flame appears from out of thin air!
The puff of flame hits you but does no damage.
You aren't carrying any scrolls.
It was a potion of berserk rage.
A red film seems to cover your vision as you go berserk!
You feel yourself moving faster!
You feel mighty! Something hits you.
* * * LOW HITPOINT WARNING * * *
You feel a strong urge to attack something.
You barely miss something. You closely miss something. Something hits you.
You die...

♣. ## #...###. P. ..#
#....... #.##.# #.######
#..... ....... ..#.#
#....... #♣####.#.######
........
.......#......#####......
.......{.####............
.......#@# #.............
###'##.#.# #.............
.. #.#.###...♣......... .
..#.##.P♣♣P.........
###.##.♣♣P♣.P.......
#.#..P♣ ♣♣♣.......
#.#.†♣♣ ♣....... #.#..P♣♣
♣♣....... #...P..♣
♣.P......


There were no monsters in sight!

Vanquished Creatures
  Natasha (twice) (D:2)
  An adder (D:2)
  4 endoplasms
  2 giant cockroaches
  5 goblins
  2 hobgoblins
  4 jackals (D:1)
  4 kobolds (D:1)
  A quokka (D:1)
  6 ball pythons
  2 bats
  2 frilled lizards
  4 rats
39 creatures vanquished.

Vanquished Creatures (others)
  10 plants (D:2)
10 creatures vanquished.

Grand Total: 49 creatures vanquished

Notes
Turn   | Place    | Note
-------+----------+-------------------------------------------
     0 | D:1      | HoaS the Ogre Gladiator began the quest for the Orb.
     0 | D:1      | Reached XP level 1. HP: 22/22 MP: 1/1
   357 | D:1      | Reached skill level 3 in Maces & Flails
   367 | D:1      | Reached XP level 2. HP: 26/29 MP: 2/2
   729 | D:1      | Reached XP level 3. HP: 36/36 MP: 3/3
  1285 | D:2      | Noticed Natasha
  1291 | D:2      | Killed Natasha
  1292 | D:2      | Reached skill level 4 in Maces & Flails
  1292 | D:2      | Reached XP level 4. HP: 24/44 MP: 4/4
  1645 | D:2      | Noticed Natasha
  1646 | D:2      | Noticed Sigmund
  1654 | D:2      | Killed Natasha
  1662 | D:2      | HP: 2/66 [something (3)]
  1665 | D:2      | Slain by Sigmund

Illustrated notes

Levels and vault maps discovered:
D:1:      dreamdust_arrival_sigmund_warning, layout_basic, minivault_4,
          minmay_misc_feat_diagonals
D:2:      layout_basic, serial_forest, infiniplex_forest_clump_long,
          infiniplex_forest_clump_large, infiniplex_forest_straight_1,
          infiniplex_forest_end_1, infiniplex_forest_clump_medium, uniq_sigmund,
          uniq_natasha

Skill      XL: |  1  2  3 |
---------------+----------+-----
Maces & Flails | 3 4 |  4.8
Fighting       | |  2.6
Throwing       | |  2.0
Dodging        | |  2.6

Action                   |  1- 3 |  4- 6 || total
-------------------------+-------+-------++-------
Melee: Flail             |    87 |    26 ||   113
       Punch             |     2 |       ||     2
  Use: Scroll            |     2 |       ||     2
       Potion            |       |     1 ||     1
 Stab: Sleeping          |     2 |       ||     2
Armor: Robe              |    32 |    10 ||    42
Dodge: Dodged            |    61 |    13 ||    74

Table legend: (Time is in decaauts)
 A = Elapsed time spent in this place.
 B = Non-inter-level travel time spent in this place.
 C = Inter-level travel time spent in this place.
 D = Time resting spent in this place.
 E = Time spent auto-exploring this place.
 F = Levels seen in this place.
 G = Mean time per level.
                   A        B        C        D        E       F      G
               +--------+--------+--------+--------+--------+-----+--------+
         Total |   1690 |   1648 |     42 |    527 |    830 |   2 |  845.0 |
       Dungeon |   1690 |   1648 |     42 |    527 |    830 |   2 |  845.0 |
               +--------+--------+--------+--------+--------+-----+--------+

Top non-repeatable levels by time:
     D:1: 1219 daAuts
     D:2: 470 daAuts
